 Dungeon Crawl Stone Soup version 0.26.1-10-gdfb7c7de75 (webtiles) character file.

Game seed: 16614633558466060254

102 manyhoops the Ruffian (level 4, -4/60 HPs)
             Began as a Palentonga Transmuter on Apr 3, 2021.
             Killed by an exploding an orc wizard (18 damage)
             ... exploding inner flame
             ... on level 3 of the Dungeon.
             The game lasted 00:06:10 (2853 turns).

manyhoops the Ruffian (Palentonga Transmuter)       Turns: 2853, Time: 00:06:10

Health: -4/60      AC: 22    Str: 15    XL:     4   Next: 50%
Magic:  7/7        EV:  1    Int: 21    God:
Gold:   135        SH:  0    Dex: 10    Spells: 4/7 levels left

rFire    . . .     SeeInvis +     - Unarmed
rCold    . . .     Faith    .   (no shield)
rNeg     + + +     Spirit   .   (armour currently unavailable)
rPois    +         Reflect  .   (helmet currently unavailable)
rElec    .         Harm     .   (cloak currently unavailable)
rCorr    .         Rampage  .   (gloves currently unavailable)
Will     .....     NoTele   +   (no barding)
Stlth    +.........             (no amulet)
HPRegen  0.20/turn              e - +6 ring of intelligence
MPRegen  0.10/turn              (no ring)

@: tree-form
A: large, rugged brown scales 3, see invisible, clever 1
a: no special abilities


You were on level 3 of the Dungeon.
You were a tree.
You visited 1 branch of the dungeon, and saw 4 of its levels.

You collected 135 gold pieces.

Inventory:

Armour
 a - a +0 robe (melded)
Jewellery
 e - a +6 ring of intelligence (left branch)
 g - an uncursed amulet of guardian spirit {unknown}
Scrolls
 f - a scroll of remove curse
Potions
 d - a potion of might {unknown}


   Skills:
 * Level 3.0 Fighting
 - Level 1.5 Dodging
 + Level 4.4 Unarmed Combat
 - Level 2.0 Spellcasting
 - Level 2.0 Transmutations


You had 4 spell levels left.
You knew the following spells:

 Your Spells              Type           Power        Failure   Level
a - Beastly Appendage     Tmut           20%          6%          1
b - Wereblood             Tmut           10%          10%         2

Your spell library contained the following spells:

 Spells                   Type           Power        Failure   Level
 Spider Form              Tmut/Pois      3%           28%         3
 Ice Form                 Ice/Tmut       6%           67%         4
 Blade Hands              Tmut           5%           87%         5


Dungeon Overview and Level Annotations

Branches:
Dungeon (4/15)
 Temple: D:4-7

Altars:
Vehumet

Annotations:
D:2 Sigmund


Innate Abilities, Weirdness & Mutations

(You are completely covered in rugged brown scales. (AC +3, +7% HP))
You have supernaturally acute eyesight. (SInv)
((Armour fits poorly on your strangely shaped body.))
((You can roll at nearby foes to attack.))
((You have a long armoured tail.))
((You have large cloven feet.))
((You have a pair of small horns on your head.))
Your mind is acute. (Int +2)
((Your system is resistant to poisons. (rPois)))


Message History

You have 135 gold pieces.
Okay, then.
The hobgoblin hits you but does no damage.
The orc hits you but does no damage.
The orc wizard hits you but does no damage.
The hobgoblin hits you but does no damage.
The orc wizard looks braver for a moment.
The orc completely misses you.
The hobgoblin hits you but does no damage.
The orc wizard hits you but does no damage.
The orc barely misses you.
You hit the hobgoblin.
The hobgoblin explodes!
The fiery explosion engulfs the orc!
The fiery explosion engulfs you!!
* * * LOW HITPOINT WARNING * * *
The fiery explosion engulfs the orc!!
The fiery explosion engulfs the orc wizard!!
The orc wizard explodes!
The fiery explosion engulfs you!!
You die...

#.# ##.##..# #######.
#.# #.##..####.......
#.# ##.##.......#####.
#.# #†.###.####.# #. #.#
#.####.####.#####.
#.#####.##.#.##.........
#.......§....##.#.######
#######§§#......).#
#♣§§o.......#
###############.#####.##
#...oo......# #.# #.#
### #.#########.###.#
#.# #.. .. #.....#.# #.#
#.# #. ########.###.#o#
#.# #.# oo .........#
#(..# #.# ##.# o.
########.###.###
.####... . #>....#
#........


You could see an orc priest.

Vanquished Creatures
  An orc wizard (D:3)
  5 adders
  A worm (D:3)
  A dart slug (D:3)
  2 leopard geckos
  2 orcs (D:3)
  3 bats
  A giant cockroach (D:2)
  4 goblins
  9 hobgoblins
  4 jackals (D:3)
  2 quokkas
  3 frilled lizards
  3 kobolds
  15 rats
56 creatures vanquished.

Notes
Turn   | Place    | Note
-------+----------+-------------------------------------------
     0 | D:1      | manyhoops the Palentonga Transmuter began the quest for the
                  | Orb.
     0 | D:1      | Reached XP level 1. HP: 17/17 MP: 3/3
   342 | D:1      | Reached XP level 2. HP: 8/25 MP: 3/5
  1149 | D:2      | Gained mutation: You have a pair of small horns on your
                  | head. [potion of mutation]
  1149 | D:2      | Gained mutation: You are somewhat resistant to further
                  | mutation. [potion of mutation]
  1330 | D:2      | Noticed Sigmund
  1492 | D:2      | Reached XP level 3. HP: 9/32 MP: 4/6
  1911 | D:2      | Reached skill level 4 in Unarmed Combat
  2206 | D:2      | Reached XP level 4. HP: 36/39 MP: 7/7
  2427 | D:3      | Learned a level 2 spell: Wereblood
  2530 | D:3      | Lost mutation: You are somewhat resistant to further
                  | mutation. [potion of mutation]
  2530 | D:3      | Gained mutation: Your system is resistant to poisons.
                  | (rPois) [potion of mutation]
  2530 | D:3      | Gained mutation: You have large cloven feet. [potion of
                  | mutation]
  2530 | D:3      | Gained mutation: Your mind is acute. (Int +2) [potion of
                  | mutation]
  2604 | D:3      | Found a radiant altar of Vehumet.
  2853 | D:3      | Killed by an exploding an orc wizard... exploding inner
                  | flame

Illustrated notes

Levels and vault maps discovered:
D:1:      dpeg_arrival_prison, layout_basic
D:2:      layout_loops_ring, uniq_sigmund
D:3:      layout_loops_ring, fiery_altar_vehumet, minmay_door_square
D:4:      layout_rooms, uniq_ijyb

Skill      XL: |  1  2  3  4 |
---------------+-------------+-----
Fighting       | 2 3 |  3.0
Unarmed Combat | 4 |  4.4
Dodging        | |  1.5
Spellcasting   | |  2.0
Transmutations | |  2.0

Action                   |  1- 3 |  4- 6 || total
-------------------------+-------+-------++-------
Melee: Unarmed           |   110 |    59 ||   169
       Tailslap          |     9 |     3 ||    12
       Kick              |     6 |     8 ||    14
       Headbutt          |     6 |     3 ||     9
 Cast: Beastly Appendage |    11 |     3 ||    14
 Abil: Rolling Charge    |     1 |       ||     1
  Use: Potion            |     4 |     2 ||     6
       Scroll            |     1 |     1 ||     2
Armor: Robe              |    29 |    26 ||    55
       Skin              |       |     9 ||     9
Dodge: Dodged            |    44 |    42 ||    86
